 Dungeon Crawl Stone Soup version 0.27.0-1-g7a08968 (webtiles) character file.

Game seed: 1134046280528904023

81 GeorgeSoros the Magician (level 4, -4/32 HPs)
             Began as a Gnoll Hedge Wizard on Aug 11, 2021.
             Slain by Grinder (5 damage)
             ... on level 3 of the Dungeon.
             The game lasted 00:06:43 (2979 turns).

GeorgeSoros the Magician (Gnoll Hedge Wizard)       Turns: 2979, Time: 00:06:43

Health: -4/32      AC:  2    Str:  9    XL:     4   Next: 42%
Magic:  1/13       EV: 13    Int: 14    God:
Gold:   114        SH:  0    Dex: 12    Spells: 12/17 levels left

rFire    . . .     SeeInvis .   a - +1 dagger
rCold    . . .     Faith    .   (no shield)
rNeg     . . .     Spirit   .   b - +0 robe
rPois    .         Reflect  .   c - +0 hat
rElec    .         Harm     .   (no cloak)
rCorr    .         Rampage  .   (no gloves)
Will     .....                  (no boots)
Stlth    ++........             (no amulet)
HPRegen  0.10/turn              (no ring)
MPRegen  0.13/turn              (no ring)

@: very slightly contaminated
A: fangs 1, strong nose, distributed training
a: no special abilities


You were on level 3 of the Dungeon.
You visited 1 branch of the dungeon, and saw 3 of its levels.

You collected 114 gold pieces.

Inventory:

Hand Weapons
 a - a +1 dagger (weapon)
Armour
 b - a +0 robe (worn)
 c - a +0 hat (worn)
 f - a +0 leather armour
Scrolls
 g - a scroll of teleportation
 h - a scroll of amnesia
Potions
 d - 5 potions of curing
 e - a potion of might {unknown}


   Skills:
 + Level 1.1 Fighting
 + Level 1.1 Short Blades
 + Level 1.1 Long Blades
 + Level 1.1 Axes
 + Level 1.1 Maces & Flails
 + Level 1.1 Polearms
 + Level 1.1 Staves
 + Level 1.1 Slings
 + Level 1.1 Bows
 + Level 1.1 Crossbows
 + Level 1.1 Throwing
 + Level 1.1 Armour
 + Level 4.6 Dodging
 + Level 4.2 Stealth
 + Level 1.1 Shields
 + Level 1.1 Unarmed Combat
 + Level 7.2 Spellcasting
 + Level 2.2 Conjurations
 + Level 0.9 Hexes
 + Level 2.2 Summonings
 + Level 0.9 Necromancy
 + Level 2.2 Translocations
 + Level 0.9 Transmutations
 + Level 0.9 Fire Magic
 + Level 0.9 Ice Magic
 + Level 0.9 Air Magic
 + Level 0.9 Earth Magic
 + Level 0.9 Poison Magic
 + Level 1.2 Invocations
 + Level 1.1 Evocations


You had 12 spell levels left.
You knew the following spells:

 Your Spells              Type           Power      Damage    Failure   Level
a - Magic Dart            Conj           44%        1d5       5%          1
b - Call Imp              Summ           11%        N/A       9%          2
c - Blink                 Tloc           N/A        N/A       9%          2

Your spell library contained the following spells:

 Spells                   Type           Power      Damage    Failure   Level
 Summon Small Mammal      Summ           44%        N/A       5%          1
 Slow                     Hex            7%         N/A       14%         2
 Call Canine Familiar     Summ           11%        N/A       17%         3
 Conjure Flame            Conj/Fire      9%         6-21      22%         3
 Summon Guardian Golem    Hex/Summ       9%         N/A       22%         3
 Mephitic Cloud           Conj/Pois/Air  8%         N/A       24%         3


Dungeon Overview and Level Annotations

Branches:
Dungeon (3/15)

Altars:

Shops:
D:3 :

Annotations:
D:3 Grinder


Innate Abilities, Weirdness & Mutations

You have very sharp teeth.
Your uncanny sense of smell can sniff out nearby items.
Your experience applies equally to all skills.


Message History

Your shadow imp hits Grinder but does no damage.
Grinder hits your shadow imp!
Your shadow imp dies!
Grinder shouts!
You hit Grinder.
Grinder is almost dead.
A bat comes into view.
Grinder hits you!
You are too injured to fight recklessly!
You are too injured to fight recklessly!
Casting: Magic Dart (safe; 5% risk of failure)
Confirm with . or Enter, or press ? or * to list all spells.
Aiming: Magic Dart (safe; 5% risk of failure)
Press: ? - help, Shift-Dir - straight line, f/p - Grinder
Aim: Grinder (almost dead, 100% to hit)
You miscast Magic Dart.
Nothing appears to happen.
Grinder hits you.
You writhe in agony.
* * * LOW HITPOINT WARNING * * *
The bat hits you but does no damage.
You closely miss Grinder.
Grinder is almost dead.
The bat barely misses you. The bat misses you. Grinder gestures at you.
Pain shoots through your body!
* * * LOW HITPOINT WARNING * * *
The bat hits you but does no damage.
You closely miss Grinder.
Grinder is almost dead.
The bat hits you.
* * * LOW HITPOINT WARNING * * *
The bat barely misses you. The bat hits you but does no damage.
The bat hits you.
* * * LOW HITPOINT WARNING * * *
Grinder barely misses you. The bat closely misses you.
You barely miss Grinder. You bite Grinder, but do no damage.
Grinder is almost dead.
The bat misses you. The bat hits you but does no damage.
The bat barely misses you. The bat hits you but does no damage.
Grinder hits you.
You die...

..>##...#.......
................
................... ##.
..............#.#.
.##..#...............∩..
....#. ..........####.#.
....... #...##....# #...
.......##5#######.#######
....##.b@................
.....>.bb.........#######
...##...####....## #
.......### #...## #
..##.## ##### # #. # . .


You could see Grinder and 3 bats.

Vanquished Creatures
  2 adders (D:2)
  A worm (D:2)
  An orc (D:2)
  5 endoplasms
  3 giant cockroaches
  8 goblins
  5 hobgoblins
  A quokka (D:1)
  12 ball pythons
  4 bats
  5 frilled lizards
  A kobold (D:2)
  5 rats (D:1)
53 creatures vanquished.

Vanquished Creatures (collateral kills)
  A worm (D:3)
1 creature vanquished.

Grand Total: 54 creatures vanquished

Notes
Turn   | Place    | Note
-------+----------+-------------------------------------------
     0 | D:1      | GeorgeSoros the Gnoll Hedge Wizard began the quest for the
                  | Orb.
     0 | D:1      | Reached XP level 1. HP: 13/13 MP: 8/8
   412 | D:1      | Reached XP level 2. HP: 19/19 MP: 7/10
   428 | D:1      | Learned a level 2 spell: Call Imp
   431 | D:1      | Learned a level 2 spell: Blink
   523 | D:1      | Found a faded altar of an unknown god.
   988 | D:1      | Reached XP level 3. HP: 25/25 MP: 7/11
  1534 | D:2      | Reached skill level 1 in Invocations
  1935 | D:2      | Reached skill level 1 in Fighting
  1935 | D:2      | Reached skill level 1 in Short Blades
  1935 | D:2      | Reached skill level 1 in Long Blades
  1935 | D:2      | Reached skill level 1 in Axes
  1935 | D:2      | Reached skill level 1 in Maces & Flails
  1935 | D:2      | Reached skill level 1 in Polearms
  1935 | D:2      | Reached skill level 1 in Staves
  1935 | D:2      | Reached skill level 1 in Slings
  1935 | D:2      | Reached skill level 1 in Bows
  1935 | D:2      | Reached skill level 1 in Crossbows
  1935 | D:2      | Reached skill level 1 in Throwing
  1935 | D:2      | Reached skill level 1 in Armour
  1935 | D:2      | Reached skill level 1 in Shields
  1935 | D:2      | Reached skill level 1 in Unarmed Combat
  1935 | D:2      | Reached skill level 1 in Evocations
  1935 | D:2      | Reached XP level 4. HP: 32/32 MP: 3/13
  2628 | D:3      | Found Gidilaj's Book Shoppe.
  2879 | D:3      | Noticed an ogre
  2907 | D:3      | Noticed Grinder
  2967 | D:3      | Paralysed by Grinder for 4 turns
  2978 | D:3      | HP: 1/32 [bat (1)]
  2979 | D:3      | Slain by Grinder

Illustrated notes

Levels and vault maps discovered:
D:1:      dpeg_arrival_round_c, layout_basic, basic_ecumenical_altar
D:2:      layout_basic, wander_ebering_terrifying_dragon_lair
D:3:      layout_rooms, serial_shops, shop_fountains, nicolae_shop_crystal,
          nicolae_shop_crystal, nicolae_square_shop, shop,
          minmay_tree_intersection, roderic_batcave, uniq_grinder

Skill      XL: |  1  2  3 |
---------------+----------+-----
Conjurations   | 2 |  2.2
Summonings     | 2 |  2.2
Translocations | 2 |  2.2
Invocations    | 1 |  1.2
Fighting       | 1 |  1.1
Short Blades   | 1 |  1.1
Long Blades    | 1 |  1.1
Axes           | 1 |  1.1
Maces & Flails | 1 |  1.1
Polearms       | 1 |  1.1
Staves         | 1 |  1.1
Slings         | 1 |  1.1
Bows           | 1 |  1.1
Crossbows      | 1 |  1.1
Throwing       | 1 |  1.1
Armour         | 1 |  1.1
Shields        | 1 |  1.1
Unarmed Combat | 1 |  1.1
Evocations     | 1 |  1.1
Dodging        | |  4.6
Stealth        | |  4.2
Spellcasting   | |  7.2
Hexes          | |  0.9
Necromancy     | |  0.9
Transmutations | |  0.9
Fire Magic     | |  0.9
Ice Magic      | |  0.9
Air Magic      | |  0.9
Earth Magic    | |  0.9
Poison Magic   | |  0.9

Action                   |  1- 3 |  4- 6 || total
-------------------------+-------+-------++-------
Melee: Dagger            |    10 |    10 ||    20
       Bite              |       |     1 ||     1
 Cast: Magic Dart        |    89 |    54 ||   143
       Call Imp          |     1 |     4 ||     5
  Use: Scroll            |     3 |     1 ||     4
Armor: Robe              |     4 |     6 ||    10
Dodge: Dodged            |    12 |    29 ||    41
